 Dungeon Sprint DCSS version 0.22-a0-877-g5c4e1af (webtiles) character file.

6110 Brynnhild the Fencer (level 10, -3/80 HPs)
             Began as an Octopode Berserker on July 29, 2018.
             Was the Champion of Trog.
             Slain by a polar bear (20 damage)
             ... in the Dungeon (Sprint IX: "|||||||||||||||||||||||||||||").
             The game lasted 00:03:27 (1374 turns).

Brynnhild the Fencer (Octopode Berserker)           Turns: 1374, Time: 00:03:27

Health: -3/80      AC:  3    Str: 17    XL:     10   Next: 89%
Magic:  10/10      EV: 22    Int: 10    God:    Trog [******]
Gold:   9          SH:  3    Dex: 14    Spells: 9/9 levels left

rFire    . . .     SeeInvis .   o - +4 scimitar (flame)
rCold    . . .     Gourm    .   t - +0 buckler
rNeg     . . .     Faith    .   (helmet restricted)
rPois    .         Spirit   .   (no amulet)
rElec    .         Reflect  .   m - +2 ring of protection
rCorr    .         Harm     .   n - +2 ring of evasion
MR       ++...     NoTele   +   (no ring)
Stlth    ++++......             (no ring)
HPRegen  1.23/turn              (no ring)
MPRegen  0.12/turn              (no ring)
                                (no ring)
                                (no ring)

@: berserk cooldown, very slightly contaminated, regenerating
A: almost no armour, stealthy swim, amphibious, 8 rings, constrict 8, camouflage
1, gelatinous body 1
a: Berserk, Trog's Hand, Brothers in Arms, Renounce Religion


You were in the Dungeon.
You worshipped Trog.
Trog was exalted by your worship.
You were near starving.

You visited 1 branch You collected 9 gold pieces.

Inventory:

Hand Weapons
 a - a +0 falchion
 l - a +2 scimitar of flaming
 o - a +4 scimitar of flaming (weapon)
Armour
 b - a +0 robe
 t - a +0 buckler (worn)
Jewellery
 m - a +2 ring of protection (left tentacle)
 n - a +2 ring of evasion (right tentacle)
Wands
 k - a wand of iceblast (4)
Scrolls
 h - a scroll of blinking
 j - 5 scrolls of remove curse
 u - a scroll of fear
 v - a scroll of identify
 w - 2 scrolls of enchant weapon
Potions
 c - 5 potions of curing
 d - 4 potions of heal wounds
 e - 2 potions of haste
 f - 4 potions of magic
 g - a potion of berserk rage
 i - a potion of invisibility
 q - a potion of agility
 r - a potion of brilliance
 s - a potion of mutation


   Skills:
 + Level 11.8 Fighting
 * Level 18.5 Long Blades
 + Level 11.4 Dodging
 + Level 5.0 Stealth


You had 9 spell levels left.
You didn't know any spells.
Your spell library was empty.

Dungeon Overview and Level Annotations

Branches:
Dungeon (1/1)

Altars:
Cheibriados
Dithmenos
Elyvilon
Fedhas
Gozag
Hepliaklqana
Kikubaaqudgha
Makhleb
Nemelex Xobeh
Okawaru
Qazlal
Ru
Sif Muna
Trog
Uskayaw
Vehumet
Wu Jian
Xom
Yredelemnul
Zin
The Shining One
Beogh
Jiyva
Lugonu


Innate Abilities, Weirdness & Mutations

You cannot wear most types of armour.
You are very stealthy in the water. (Stealth+)
You are amphibious.
You can wear up to eight rings at the same time.
You can use your tentacles to constrict eight enemies at once.
Your skin changes colour to match your surroundings (Stealth+).
Your rubbery body absorbs attacks. (AC +1, EV +1)


Message History

Unknown command.
Evoke which item? (* to show all) (? for menu, Esc to quit)
Aiming: Iceblast
Press: ? - help, Shift-Dir - straight line, f/p - polar bear
Aim: a polar bear (moderately wounded)
The mass of ice explodes!
The iceblast engulfs the polar bear.
The polar bear partially resists.
The polar bear is heavily wounded.
The iceblast engulfs the porcupine.
The porcupine is almost dead.
You feel yourself speed up.
Unknown command.
Unknown command.
Unknown command.
Evoke which item? (* to show all) (? for menu, Esc to quit)
Okay, then.
You hit the polar bear. You burn the polar bear.
The polar bear is heavily wounded.
The polar bear bites you!!
You die...

▓_▓.▓.▓
▓_▓.▓.▓
▓_▓.▓.▓
▓_▓.▓'▓
▓_▓.▓.▓
▓_▓.▓.▓
▓_▓.▓)▓
▓_▓.▓.▓
▓_▓.▓@▓
▓_▓.▓h▓
▓_▓.▓r▓
▓_▓.▓.▓
▓_▓.▓.▓
▓_▓.▓'▓
▓_▓.▓.▓
▓_▓.▓.▓
▓_▓.▓†▓


You could see a polar bear and a porcupine.

Vanquished Creatures
  A catoblepas (D)
  Erica (D)
  An unseen horror (D)
  2 ugly things (D)
  A black mamba (D)
  3 spiny frogs (D)
  A komodo dragon (D)
  A troll (D)
  A meliai (D)
  A hornet (D)
  A hippogriff (D)
  A wyvern (D)
  A yak (D)
  A water moccasin (D)
  4 porcupines (D)
  A sky beast (D)
  A wolf (D)
  A crocodile (D)
  A bullfrog (D)
  A howler monkey (D)
  2 crimson imps (D)
  A hound (D)
  2 jellies (D)
  A worker ant (D)
  An orc (D)
  A jackal (D)
  2 kobolds (D)
  2 frilled lizards (D)
  A goblin (D)
39 creatures vanquished.

Vanquished Creatures (others)
  A spatial maelstrom (D)
1 creature vanquished.

Grand Total: 40 creatures vanquished

Notes
Turn   | Place    | Note
-------+----------+-------------------------------------------
     0 | D        | Brynnhild the Octopode Berserker began the quest for the Orb.
     0 | D        | Reached XP level 1. HP: 16/16 MP: 1/1
     3 | D        | Banished a spatial maelstrom
     8 | D        | Reached ** piety under Trog
   118 | D        | Noticed a crimson imp
   118 | D        | Noticed a jelly
   118 | D        | Noticed a worker ant
   121 | D        | Killed a crimson imp
   121 | D        | Reached skill level 5 in Long Blades
   121 | D        | Reached XP level 2. HP: 22/22 MP: 2/2
   121 | D        | Reached XP level 3. HP: 27/27 MP: 3/3
   122 | D        | Reached *** piety under Trog
   125 | D        | Reached skill level 6 in Long Blades
   125 | D        | Reached XP level 4. HP: 34/34 MP: 4/4
   127 | D        | Reached skill level 5 in Fighting
   127 | D        | Reached skill level 7 in Long Blades
   127 | D        | Reached skill level 5 in Dodging
   164 | D        | Found a roughly hewn altar of Beogh.
   164 | D        | Found a snail-covered altar of Cheibriados.
   164 | D        | Found a shadowy altar of Dithmenos.
   164 | D        | Found a white marble altar of Elyvilon.
   164 | D        | Found a blossoming altar of Fedhas.
   164 | D        | Found an opulent altar of Gozag.
   165 | D        | Found a hazy altar of Hepliaklqana.
   166 | D        | Found a viscous altar of Jiyva.
   167 | D        | Found an ancient bone altar of Kikubaaqudgha.
   168 | D        | Found a corrupted altar of Lugonu.
   169 | D        | Found a burning altar of Makhleb.
   170 | D        | Found a sparkling altar of Nemelex Xobeh.
   171 | D        | Found an iron altar of Okawaru.
   172 | D        | Found a stormy altar of Qazlal.
   173 | D        | Found a sacrificial altar of Ru.
   174 | D        | Found a deep blue altar of Sif Muna.
   175 | D        | Found a bloodstained altar of Trog.
   176 | D        | Found a hide-covered altar of Uskayaw.
   177 | D        | Found a radiant altar of Vehumet.
   178 | D        | Found an ornate altar of the Wu Jian Council.
   179 | D        | Found a shimmering altar of Xom.
   180 | D        | Found a basalt altar of Yredelemnul.
   181 | D        | Found a glowing silver altar of Zin.
   182 | D        | Found a glowing golden altar of the Shining One.
   216 | D        | Noticed a wyvern
   216 | D        | Noticed a troll
   216 | D        | Noticed a sky beast
   217 | D        | Reached **** piety under Trog
   217 | D        | Reached XP level 5. HP: 39/39 MP: 5/5
   222 | D        | Killed a wyvern
   222 | D        | Reached skill level 10 in Long Blades
   222 | D        | Reached XP level 6. HP: 46/47 MP: 6/6
   227 | D        | Killed a troll
   227 | D        | Reached skill level 11 in Long Blades
   227 | D        | Reached XP level 7. HP: 20/54 MP: 7/7
   231 | D        | Reached ***** piety under Trog
   231 | D        | Reached skill level 12 in Long Blades
   443 | D        | Noticed a red ugly thing
   443 | D        | Noticed a white ugly thing
   443 | D        | Noticed a hornet
   443 | D        | Noticed a meliai
   449 | D        | Killed a red ugly thing
   449 | D        | Reached skill level 13 in Long Blades
   449 | D        | Reached skill level 1 in Stealth
   449 | D        | Reached XP level 8. HP: 62/62 MP: 8/8
   453 | D        | Killed a white ugly thing
   453 | D        | Reached skill level 14 in Long Blades
   457 | D        | Killed a hornet
   457 | D        | Reached XP level 9. HP: 19/68 MP: 9/9
   465 | D        | Killed an unseen horror
   465 | D        | Reached skill level 15 in Long Blades
   466 | D        | HP: 5/105 [meliai/divine providence (8)]
   467 | D        | Killed a meliai
   467 | D        | Reached skill level 10 in Dodging
   806 | D        | Noticed Erica
   814 | D        | Killed Erica
   814 | D        | Received a gift from Trog
   814 | D        | Reached skill level 10 in Fighting
   814 | D        | Reached skill level 16 in Long Blades
   893 | D        | Noticed a black mamba
   893 | D        | Noticed a spiny frog
   894 | D        | Noticed a spiny frog
   897 | D        | Killed a black mamba
   897 | D        | Reached XP level 10. HP: 77/77 MP: 10/10
   900 | D        | Killed a spiny frog
   901 | D        | Reached ****** piety under Trog
   901 | D        | Reached skill level 17 in Long Blades
   902 | D        | Noticed a spiny frog
   913 | D        | Killed a spiny frog
   915 | D        | Received a gift from Trog
   917 | D        | Killed a spiny frog
  1319 | D        | Noticed a catoblepas
  1337 | D        | Reached skill level 18 in Long Blades
  1356 | D        | Killed a catoblepas
  1365 | D        | HP: 4/80 [crocodile (3)]
  1371 | D        | Reached skill level 5 in Stealth
  1374 | D        | Slain by a polar bear

Vault maps used:
D:        linesprint

Skill      XL: |  1  2  3  4  5  6  7  8  9 10 |
---------------+-------------------------------+-----
Fighting       | 4 5 6 7 8 9 10 11 | 11.8
Long Blades    | 5 6 7 10 11 13 14 16 18 | 18.5
Dodging        | 4 5 6 7 8 9 10 11 | 11.4
Stealth        | 1 2 3 5 |  5.0

Action                   |  1- 3 |  4- 6 |  7- 9 | 10-12 || total
-------------------------+-------+-------+-------+-------++-------
Melee: Falchion          |    14 |     4 |       |       ||    18
       Constrict         |     6 |     1 |     7 |     2 ||    16
       Tentacles         |     4 |     3 |    12 |    15 ||    34
       Scimitar          |       |     8 |    32 |    33 ||    73
Invok: Berserk           |     1 |     1 |     2 |     1 ||     5
       Trog's Hand       |       |       |       |     1 ||     1
Evoke: Wand              |       |       |       |     6 ||     6
  Use: Scroll            |       |       |       |     1 ||     1
       Potion            |       |       |       |     1 ||     1
 Stab: Petrified         |       |       |       |     1 ||     1
  Eat: Ration            |       |       |     1 |       ||     1
       Chunk             |       |       |       |     1 ||     1
Armor: Skin              |       |     1 |     2 |       ||     3
Dodge: Dodged            |     5 |     7 |    11 |    15 ||    38
Block: Buckler           |       |       |     1 |     1 ||     2
       Rpst.: Falchion   |     1 |     1 |       |       ||     2
       Scimitar          |       |     4 |     2 |     6 ||    12

Table legend:
 A = Spawn XP
 B = Non-spawn XP
 C = Spawn XP percentage of total XP
 D = Spawn monster count
 E = Non-spawn monster count
 F = Spawn count percentage of total count
 G = Total turns spent on level
                    A         B        C        D         E        F      G
               +---------+---------+-------+---------+---------+-------+---------
         Total |       0 |    8729 |   0.0 |       0 |      39 |   0.0 |  1374
               +---------+---------+-------+---------+---------+-------+---------
             D |       0 |    8729 |   0.0 |       0 |      39 |   0.0 |  1374
               +---------+---------+-------+---------+---------+-------+---------
